 Dungeon Crawl Stone Soup version 0.28.0-43-g3370ac3207 (webtiles) character file.

Game seed: 11567781301335535508

119 Peloso the Skirmisher (level 4, -8/41 HPs)
             Began as a Minotaur Fighter on Mar 14, 2022.
             Mangled by Crazy Yiuf
             ... wielding a +3 quarterstaff of chaos
              (13 damage)
             ... on level 2 of the Dungeon.
             The game lasted 00:02:21 (1227 turns).

Peloso the Skirmisher (Minotaur Fighter)            Turns: 1227, Time: 00:02:22

Health: -8/41      AC:  7    Str: 21    XL:     4   Next: 73%
Magic:  3/3        EV:  9    Int:  5    God:
Gold:   77         SH:  5    Dex: 11    Spells: 3/3 levels left

rFire   . . .      SeeInvis .   a - +0 long sword
rCold   . . .      Faith    .   c - +0 buckler
rNeg    . . .      Spirit   .   b - +0 scale mail
rPois   .          Reflect  .   (helmet restricted)
rElec   .          Harm     .   (no cloak)
rCorr   .          Rampage  .   (no gloves)
Will    .....                   (no boots)
Stlth   ..........              i - amulet of regeneration
HPRegen 0.93/turn               (no ring)
MPRegen 0.08/turn               (no ring)

@: no status effects
A: horns 2, retaliatory headbutt
a: no special abilities


You were on level 2 of the Dungeon.
You visited 1 branch of the dungeon, and saw 2 of its levels.

You collected 77 gold pieces.

Inventory:

Hand Weapons
 a - a +0 long sword (weapon)
Missiles
 k - 2 throwing nets (quivered)
Armour
 b - a +0 scale mail (worn)
 c - a +0 buckler (worn)
Jewellery
 i - an amulet of regeneration (around neck)
Scrolls
 e - 2 scrolls of fog {unknown}
 f - 3 scrolls of noise {unknown}
 h - a scroll of immolation {unknown}
 j - 4 scrolls of identify {unknown}
 l - a scroll of fear {unknown}
 m - a scroll of summoning {unknown}
 n - a scroll of silence {unknown}
Potions
 d - a potion of might
 g - 2 potions of curing {unknown}


   Skills:
 + Level 4.5 Fighting
 + Level 3.9 Long Blades
 + Level 4.3 Armour
 + Level 0.6 Dodging
 + Level 4.5 Shields


You had 3 spell levels left.
You didn't know any spells.
Your spell library was empty.

Dungeon Overview and Level Annotations

Branches:
Dungeon (2/15)

Altars:
Sif Muna

Annotations:
D:2 Crazy Yiuf


Innate Abilities, Weirdness & Mutations

You have a pair of horns on your head.
You reflexively headbutt those who attack you in melee.


Message History

You see here a +0 mace.
You hit the bush but do no damage. You headbutt the bush.
The bush is lightly damaged.
You slash the fungus!
The fungus begins to die.
The fungus is lightly damaged.
A nearby fungus withers and dies.
Found a mace.
Found a runed translucent door.
Crazy Yiuf shouts!
Crazy Yiuf grits, "Snurf King disdain!"
You open the door.
Crazy Yiuf whimpers, "Mama!"
Crazy Yiuf zaps a wand.
The puff of flame hits you.
Crazy Yiuf cries, "Buddy sallow cloud!"
You block Crazy Yiuf's attack.
There is an open translucent door here.
You hit Crazy Yiuf. Your headbutt misses Crazy Yiuf.
Crazy Yiuf is lightly wounded.
Crazy Yiuf hits you with a +3 quarterstaff of chaos.
You are electrocuted!
You hit Crazy Yiuf.
Crazy Yiuf is moderately wounded.
Crazy Yiuf hits you with a +3 quarterstaff of chaos!
* * * LOW HITPOINT WARNING * * *
Crazy Yiuf burns you.
* * * LOW HITPOINT WARNING * * *
You hit Crazy Yiuf. Your headbutt misses Crazy Yiuf.
Crazy Yiuf is severely wounded.
Crazy Yiuf zaps a wand.
The puff of flame hits you.
* * * LOW HITPOINT WARNING * * *
You barely miss Crazy Yiuf. Your headbutt misses Crazy Yiuf.
Crazy Yiuf is severely wounded.
Crazy Yiuf zaps a wand.
The puff of flame hits you but does no damage.
You hit Crazy Yiuf but do no damage.
Crazy Yiuf is severely wounded.
You block Crazy Yiuf's attack. x2
You hit Crazy Yiuf but do no damage.
Crazy Yiuf is severely wounded.
Crazy Yiuf hits you with a +3 quarterstaff of chaos!
You die...

#.######################### #.#
#.# ####'### ####......#
#......(..# ♣♣♣♣♣### #.........#
#### ♣♣♣.♣.P))## ..........#
#...#♣..♣.♣.)))## .......(..#
#..g@.♣♣♣♣..))..# .######...#
#)..#♣♣ ♣♣.))).# ..........# ####
♣♣###.# ..........# #..#
#.........# #.######
#.........################.......
'...<.....<......................
#........†.......................
#........#.......................


You could see Crazy Yiuf.

Vanquished Creatures
  Natasha (thrice) (D:2)
  An adder (D:2)
  A dart slug (D:2)
  5 endoplasms
  3 giant cockroaches
  6 goblins
  4 hobgoblins
  A quokka (D:2)
  2 ball pythons
  2 frilled lizards (D:1)
  A kobold (D:2)
  4 rats
33 creatures vanquished.

Vanquished Creatures (others)
  4 fungi (D:2)
  5 plants (D:2)
9 creatures vanquished.

Grand Total: 42 creatures vanquished

Notes
Turn   | Place    | Note
-------+----------+-------------------------------------------
     0 | D:1      | Peloso the Minotaur Fighter began the quest for the Orb.
     0 | D:1      | Reached XP level 1. HP: 19/19 MP: 0/0
   159 | D:1      | Reached XP level 2. HP: 27/27 MP: 1/1
   206 | D:1      | Found a faded altar of an unknown god.
   553 | D:2      | Noticed Natasha
   558 | D:2      | Killed Natasha
   559 | D:2      | Reached XP level 3. HP: 25/33 MP: 2/2
   600 | D:2      | Found a shimmering blue altar of Sif Muna.
   866 | D:2      | Noticed Natasha
   878 | D:2      | Killed Natasha
   879 | D:2      | Reached XP level 4. HP: 30/41 MP: 3/3
   883 | D:2      | Noticed Natasha
   890 | D:2      | Killed Natasha
  1216 | D:2      | Found a runed translucent door.
  1217 | D:2      | Noticed Crazy Yiuf
  1224 | D:2      | HP: 1/41 [Crazy Yiuf/puff of flame (6)]
  1227 | D:2      | Mangled by Crazy Yiuf

Illustrated notes

Levels and vault maps discovered:
D:1:      dpeg_arrival_houses_and_road, layout_rooms,
          dreamdust_ecumenical_altar_angels_and_demons
D:2:      wad_lake_hut, layout_basic, basic_altar, uniq_natasha,
          uniq_crazy_yiuf_cottage

Skill      XL: |  1  2 |
---------------+-------+-----
Fighting       | 4 |  4.5
Armour         | 4 |  4.3
Shields        | 4 |  4.5
Long Blades    | 3 |  3.9
Dodging        | |  0.6

Action                   |  1- 3 |  4- 6 || total
-------------------------+-------+-------++-------
Melee: Long sword        |    54 |    28 ||    82
       Headbutt          |     8 |     6 ||    14
Armor: Scale mail        |    29 |     8 ||    37
Dodge: Dodged            |    26 |     8 ||    34
Block: Buckler           |    10 |     7 ||    17
